Map: Ice and Chrome LE

Players

Cham

  • Race: Zerg Zerg
  • League: Grandmaster
  • Spawn Location: 1:00

Groovy - Winner!

  • Race: Terran Terran
  • League: Master
  • Spawn Location: 7:00

VOD

Have the link to the VOD?

Description

This was the build in action beating the rank 2 GM zerg.

Time

  • Played on: Sept. 17, 2020, 4:38 a.m.
  • Length: 9:33
Show
View Real Time Build Order
Export as new Build Order

Cham Zerg 

Build Orders: Hatch First 

Get SALT Encoding   

  12  0:05  Drone  
  13  0:09  Drone  
  14  0:17  Overlord  
  14  0:35  Drone  
  14  0:36  Drone  
  16  0:47  Hatchery  
  15  0:51  Drone  
  15  0:55  Drone  
  17  0:59  Drone  
  18  1:09  Extractor  
  17  1:14  Spawning Pool  
  17  1:17  Drone  
  17  1:21  Drone  
  18  1:31  Drone  
  19  1:43  Drone  
  20  1:54  Overlord  
  20  2:01  Queen x2  
  22  2:02  Zergling x2  
  22  2:04  Zergling x2  
  26  2:11  Drone  
  26  2:13  Metabolic Boost  
  27  2:15  Overlord  
  27  2:21  Drone  
  28  2:26  Spine Crawler  
  27  2:30  Spine Crawler  
  26  2:40  Baneling Nest  
  28  2:44  Queen x2  
  28  2:50  Drone  
  28  2:51  Drone  
  34  2:55  Zergling x2  
  34  2:58  Zergling x2  
  36  3:01  Zergling x2  
  36  3:04  Zergling x2  
  38  3:10  Zergling x4  
  40  3:13  Evolution Chamber  
  40  3:17  Overlord  
  39  3:25  Zergling x6  
  41  3:33  Zergling x6  
  44  3:41  Zerg Ground Armor Level 1  
  44  3:49  Zergling x6  
  47  3:57  Zergling x4  
  47  3:58  Zergling x2  
  50  4:03  Zergling x4  
  47  4:23  Zergling x10  
  49  4:27  Drone x3  
  44  4:45  Drone x2  
  44  4:46  Drone x2  
  44  4:49  Drone  
  44  4:50  Drone  
  45  4:54  Drone  
  45  4:57  Drone x3  
  45  4:59  Drone x3  
  51  5:03  Overlord  
  51  5:14  Hatchery  
  51  5:18  Zergling x2  
  51  5:21  Overlord  
  51  5:23  Zergling x2  
  51  5:24  Zergling x2  
  51  5:26  Zergling x2  
  51  5:27  Zergling x4  
  56  5:29  Zergling x2  
  56  5:30  Zergling x4  
  59  5:40  Overlord  
  59  5:41  Zergling x2  
  60  5:48  Zergling x2  
  61  5:51  Overlord  
  61  6:02  Zergling x12  
  64  6:09  Zergling x4  
  65  6:18  Evolution Chamber  
  64  6:19  Zerg Melee Weapons Level 1  
  64  6:21  Drone x2  
  66  6:26  Extractor  
  66  6:30  Drone x3, Extractor  
  66  6:31  Extractor  
  66  6:37  Drone  
  66  6:40  Hatchery  
  57  6:53  Drone  
  57  6:54  Drone x4  
  54  6:57  Drone x2  
  54  6:58  Drone  
  54  7:00  Queen  
  59  7:01  Lair  
  59  7:02  Drone x3, Hatchery  
  59  7:03  Drone x3  
  59  7:07  Drone x2  
  59  7:08  Drone  
  67  7:17  Drone x3  
  70  7:25  Drone x3  
  73  7:36  Drone x2  
  75  7:41  Zergling x2  
  75  7:42  Zergling x12  
  82  7:47  Overlord x3  
  82  7:57  Zergling x8  
  82  7:58  Zergling x4  
  88  8:03  Overlord x3, Baneling Nest  
  88  8:05  Zergling x4  
  88  8:06  Zergling x2  
  88  8:11  Zergling x6  
  88  8:12  Zergling x4  
  61  8:20  Zergling x4  
  61  8:21  Zergling x2  
  61  8:26  Zergling x10  
  61  8:27  Zergling x10  
  61  8:31  Zergling x2  
  61  8:32  Zergling x2  
  61  8:33  Zergling x4  
  61  8:34  Zergling x2  
  63  8:37  Zergling x2  
Show
View Real Time Build Order
Export as new Build Order

Groovy Terran - Winner!

Build Orders:  

Get SALT Encoding   

  12  0:00  SCV  
  13  0:12  SCV  
  14  0:17  Supply Depot  
  14  0:24  SCV  
  14  0:28  Refinery  
  15  0:38  SCV  
  16  0:44  Barracks  
  16  0:55  SCV  
  17  1:01  Barracks  
  17  1:07  SCV  
  18  1:12  Refinery  
  18  1:32  Barracks Reactor  
  18  1:33  Orbital Command  
  18  1:43  Engineering Bay  
  18  1:49  Barracks Reactor  
  18  1:59  Supply Depot  
  18  2:08  Reaper x2  
  20  2:17  Terran Infantry Weapons Level 1  
  20  2:18  SCV  
  21  2:26  Reaper  
  21  2:28  Reaper  
  23  2:33  SCV  
  24  2:41  Reaper  
  25  2:45  SCV  
  25  2:48  Reaper  
  27  2:52  Supply Depot  
  27  2:58  SCV  
  27  3:01  Reaper  
  29  3:11  Reaper  
  29  3:12  SCV  
  31  3:20  Reaper  
  32  3:32  Reaper  
  32  3:33  Command Center  
  32  3:34  SCV  
  34  3:39  Supply Depot  
  33  3:56  Reaper x2  
  35  4:03  Reaper  
  35  4:04  SCV, Reaper  
  35  4:07  Command Center  
  35  4:27  SCV  
  35  4:28  Reaper x2  
  35  4:29  Barracks  
  35  4:31  Barracks  
  37  4:50  Reaper  
  37  4:55  SCV  
  38  5:04  Barracks  
  38  5:06  Barracks  
  39  5:07  SCV  
  41  5:19  SCV  
  41  5:20  Orbital Command  
  42  5:22  Barracks  
  42  5:24  Barracks Tech Lab  
  42  5:26  Barracks Tech Lab, Marine  
  42  5:27  Marine x3  
  43  5:29  Terran Infantry Armor Level 1  
  43  5:44  Marine, Combat Shield, Stimpack  
  43  5:45  Marine  
  43  5:47  Orbital Command  
  37  6:11  Marine x2  
  37  6:12  Barracks Reactor x2, Marine x2  
  37  6:15  Marine x2  
  40  6:22  SCV  
  41  6:28  Marine  
  41  6:29  Marine x2  
  44  6:38  Marine x3  
  45  6:50  Marine  
  45  6:51  Marine x3  
  46  6:55  SCV x2  
  46  6:56  Marine x7  
  55  7:02  Supply Depot x2  
  55  7:07  SCV  
  55  7:08  Marine  
  56  7:09  Marine x3  
  56  7:14  Marine x2  
  62  7:24  SCV, Marine x5  
  62  7:27  Marine x2  
  62  7:29  Marine x2  
  72  7:31  Marine  
  72  7:36  Marine  
  74  7:37  Factory  
  74  7:41  Marine  
  75  7:47  Supply Depot, Marine x3  
  75  7:48  Supply Depot  
  78  8:08  Marine x7  
  82  8:12  Marine  
  82  8:13  Marine x3  
  86  8:26  Marine x7  
  93  8:39  Marine  
  94  8:43  Marine  
  94  8:46  Marine  
  94  8:47  SCV  
  94  8:48  Marine x2  
  94  8:49  Supply Depot  
  94  8:51  Supply Depot  
  94  8:52  Marine  
  80  9:02  Marine x2  
  71  9:04  Marine x2  
Tags
 
Add a new tag
Caveats
  • Supply blocks, unpowered buildings, or Contaminate may cause inaccurate times.
  • Supply counts are checked every 10 seconds.